AoeStats
← кислород

Arabia

509588037Analyzed
1v1 RM · 4d ago on Sep 27, 2026· 15m 26s· 2 players
Game mode
Random Map
Map size
Tiny (2 player)
Population
200
Speed
Normal
Resources
Standard
Victory
Conquest
Starting age
Dark Age
Ending age
Imperial Age
RankedLock teamsTeams togetherTeam positionsShared explorationLock speedFull tech treeHidden civsTurbo modeCheats
Victory
Defeat
🇻🇳 Huns · Vietnam
2016
+20
🇨🇦 Khitans · Canada
2106
-20
Minh Anh
7:14 Loom
7:52 Loom
10:11 Feudal Age
10:52 Double-Bit Axe
12:35 Horse Collar
кислород
9:53 Feudal Age
9:17 Loom
10:21 Double-Bit Axe
10:15 Man-at-Arms
12:28 Domestication
Connection lost

Rejoining the realm…

Still unreachable

The connection could not be restored.

Session expired

The server has moved on; the page needs a fresh start.